 Dungeon Crawl Stone Soup version 0.28-a0-1404-g4df0f3684d (webtiles) character file.

Game seed: 16952923448853319842

7 fragbeetle the Ruffian (level 1, 0/16 HPs)
             Began as a Draconian Transmuter on Jan 5, 2022.
             Succumbed to a goblin's poison
             ... on level 1 of the Dungeon.
             The game lasted 00:00:33 (119 turns).

fragbeetle the Ruffian (Draconian Transmuter)        Turns: 119, Time: 00:00:33

Health: 0/16       AC:  4    Str: 12    XL:     1   Next: 91%
Magic:  2/3        EV: 12    Int: 13    God:
Gold:   12         SH:  0    Dex: 11    Spells: 3/4 levels left

rFire   . . .      SeeInvis .     - Unarmed
rCold   . . .      Faith    .   (no shield)
rNeg    . . .      Spirit   .   (armour unavailable)
rPois   .          Reflect  .   (helmet currently unavailable)
rElec   .          Harm     .   (no cloak)
rCorr   .          Rampage  .   (no gloves)
Will    .....                   (boots currently unavailable)
Stlth   +.........              (no amulet)
HPRegen 0.05/turn               (no ring)
MPRegen 0.08/turn               (no ring)

@: lethally poisoned (0 -> -2), appendages
A: horns 2, talons 2, AC +4, unfitting armour, cold-blooded
a: End Transformation


You were on level 1 of the Dungeon.
You had temporarily grown beastly horns and talons.
You visited 1 branch of the dungeon, and saw 1 of its levels.

You collected 12 gold pieces.

Inventory:

Missiles
 c - 5 stones
Scrolls
 a - a scroll of noise {unknown}
Potions
 b - a potion of lignification {unknown}


   Skills:
 + Level 1.2 Fighting
 + Level 1.9 Dodging
 * Level 3.2 Unarmed Combat
 - Level 2.0 Spellcasting
 * Level 2.2 Transmutations


You had 3 spell levels left.
You knew the following spells:

 Your Spells              Type           Power      Damage    Failure   Level
a - Beastly Appendage     Tmut           14%        N/A       11%         1

Your spell library contained the following spells:

 Spells                   Type           Power      Damage    Failure   Level
 Wereblood                Tmut           7%         N/A       16%         2
 Spider Form              Tmut/Pois      4%         N/A       43%         3
 Ice Form                 Ice/Tmut       4%         N/A       85%         4


Dungeon Overview and Level Annotations

Branches:
Dungeon (1/15)

Altars:


Innate Abilities, Weirdness & Mutations

You have temporarily grown beastly horns and talons.
Your plain brown scales are hard. (AC +4)
You cannot fit into any form of body armour.
You are cold-blooded and may be slowed by cold attacks.


Message History

You closely miss the goblin. You claw the goblin.
Your headbutt misses the goblin.
Your tail-slap misses the goblin.
The goblin is moderately wounded.
You feel sick.
A jackal comes into view.
The goblin hits you with a +0 dagger of venom.
You are lethally poisoned!
You hit the goblin.
You kill the goblin!
You feel sick.
You closely miss the jackal. Your kick misses the jackal.
Your headbutt misses the jackal. You punch the jackal.
The jackal is heavily wounded.
You feel sick. The jackal closely misses you. x2
You miss the jackal. Your kick misses the jackal.
Your headbutt misses the jackal.
The jackal is heavily wounded.
Your horns disappear.
Your talons disappear.
You feel sick. The jackal barely misses you.
You hit the jackal.
The jackal is almost dead.
* * * LOW HITPOINT WARNING * * *
You feel sick. The jackal closely misses you.
You hit the jackal but do no damage.
The jackal is almost dead.
* * * LOW HITPOINT WARNING * * *
You feel sick. The jackal barely misses you.
The jackal bites you but does no damage.
You closely miss the jackal.
Your tail-slap misses the jackal.
The jackal is severely wounded.
The jackal bites you but does no damage.
You are too injured to fight recklessly!
Casting: Beastly Appendage (safe; 11% risk of failure)
Confirm with . or Enter, or press ? or * to list all spells.
You grow a pair of large bovine horns.
Your feet morph into talons.
* * * LOW HITPOINT WARNING * * *
You feel sick. The jackal completely misses you.
You closely miss the jackal. You tail-slap the jackal.
You kill the jackal!
You die...

.......#.............⌠
#........#.(.........♣♣♣
+........#....≈≈≈....#♣.
##........#....≈(≈.†..#§♣
..... #...#....≈≈≈..).#
......#...#...........##♣
......#...'..............
.......##.#...........###
......l)@>#...........#
......h################
.....[. ......h .....h.
....(.. .....g. .:.....


You could see a jackal and a frilled lizard.

Vanquished Creatures
  A bat (D:1)
  A giant cockroach (D:1)
  A goblin (D:1)
  3 jackals (D:1)
  A kobold (D:1)
7 creatures vanquished.

Notes
Turn   | Place    | Note
-------+----------+-------------------------------------------
     0 | D:1      | fragbeetle the Draconian Transmuter began the quest for the
                  | Orb.
     0 | D:1      | Reached XP level 1. HP: 16/16 MP: 3/3
   119 | D:1      | Succumbed to a goblin's poison

Illustrated notes

Levels and vault maps discovered:
D:1:      heliophobic_arrival_enchanted_forest, layout_basic,
          ebering_ecumenical_altar_rust, corexii_item_surrounded_by_moat

Action                   || total
-------------------------++-------
Melee: Unarmed           ||    19
       Kick              ||     5
       Headbutt          ||     1
       Tailslap          ||     1
       Punch             ||     1
 Cast: Beastly Appendage ||     4
Armor: Skin              ||     6
Dodge: Dodged            ||    16

Table legend: (Time is in decaauts)
 A = Elapsed time spent in this place.
 B = Non-inter-level travel time spent in this place.
 C = Inter-level travel time spent in this place.
 D = Time resting spent in this place.
 E = Time spent auto-exploring this place.
 F = Levels seen in this place.
 G = Mean time per level.
                   A        B        C        D        E       F      G
               +--------+--------+--------+--------+--------+-----+--------+
         Total |    117 |    117 |      0 |      0 |     66 |   1 |  117.0 |
       Dungeon |    117 |    117 |      0 |      0 |     66 |   1 |  117.0 |
               +--------+--------+--------+--------+--------+-----+--------+

Top non-repeatable levels by time:
     D:1: 117 daAuts
